Map: Washout LE

Players

Kwispy - Winner!

  • Race: Terran Terran
  • League: Bronze

Wilson

  • Race: Terran Terran
  • League: Bronze

VOD

Have the link to the VOD?

Description

Time

  • Played on: Nov. 8, 2026, 4:54 p.m.
  • Length: 7:11
Show
View Real Time Build Order
Export as new Build Order

Kwispy Terran - Winner!

Build Orders: Mech 

Get SALT Encoding   

  12  0:02  SCV  
  13  0:17  Supply Depot  
  13  0:18  SCV  
  14  0:34  SCV  
  15  0:41  Barracks  
  15  0:46  SCV  
  16  0:58  SCV  
  16  1:00  Refinery  
  17  1:10  SCV  
  18  1:28  Orbital Command  
  18  1:33  Command Center  
  18  1:39  Marine  
  19  2:11  Factory  
  19  2:13  Marine  
  20  2:16  SCV  
  20  2:17  Supply Depot  
  21  2:39  Barracks Tech Lab  
  21  2:41  SCV  
  21  2:43  Supply Depot  
  22  2:48  Orbital Command  
  22  2:53  SCV  
  23  3:05  SCV  
  24  3:15  Siege Tank  
  24  3:17  SCV  
  28  3:26  Supply Depot  
  28  3:29  Barracks Reactor  
  28  3:33  SCV  
  29  3:48  Refinery  
  29  3:49  Command Center  
  29  3:57  Factory  
  29  4:00  SCV x2  
  31  4:06  Supply Depot  
  31  4:21  SCV x2  
  33  4:29  Siege Tank  
  36  4:33  SCV x2  
  36  4:36  Supply Depot  
  38  4:45  SCV  
  39  4:46  SCV  
  39  4:50  Hellion  
  39  4:51  Hellion  
  44  5:02  Siege Tank  
  47  5:08  SCV  
  47  5:09  SCV  
  49  5:14  Refinery  
  49  5:16  Refinery  
  49  5:21  SCV  
  50  5:34  Siege Tank  
  53  5:40  Armory  
  53  5:45  SCV  
  53  5:46  SCV  
  55  5:50  Orbital Command  
  55  5:57  Barracks Tech Lab  
  55  6:03  SCV x2  
  57  6:06  Factory  
  55  6:15  SCV  
  55  6:18  Marine  
  52  6:22  Siege Tank  
  32  6:48  Marine  
  32  6:51  SCV x2  
  32  6:52  SCV  
Show
View Real Time Build Order
Export as new Build Order

Wilson Terran 

Build Orders:  

Get SALT Encoding   

  12  0:00  SCV  
  13  0:12  SCV  
  14  0:17  Supply Depot  
  14  0:25  SCV  
  15  0:39  SCV  
  15  0:40  Barracks  
  16  0:51  SCV  
  17  1:03  SCV, Refinery  
  18  1:05  Refinery  
  18  1:15  SCV  
  19  1:29  Supply Depot  
  19  1:32  Orbital Command  
  19  1:47  Factory  
  19  1:54  Marine  
  19  1:59  SCV  
  21  2:15  Marine  
  22  2:18  SCV  
  23  2:31  SCV  
  23  2:32  Starport  
  23  2:34  Factory Tech Lab  
  23  2:35  Marine  
  25  2:43  SCV  
  26  2:53  Marine  
  26  2:55  SCV, Supply Depot  
  28  3:06  Factory Tech Lab  
  28  3:17  Fusion Core  
  28  3:22  Supply Depot  
  28  3:30  Siege Tank  
  31  3:41  Marine  
  32  4:05  Battlecruiser  
  38  4:34  Supply Depot  
  38  5:09  Battlecruiser  
  44  5:47  Marine  
  45  5:53  Hellion  
  47  6:05  Marine  
  48  6:15  Hellion  
  50  6:23  Marine  
  49  6:36  Hellion  
  55  6:41  Marine  
Tags
 
Composition
Mech
Matchup
TvT
Race
Terran
Add a new tag
Caveats
  • Supply blocks, unpowered buildings, or Contaminate may cause inaccurate times.
  • Supply counts are checked every 10 seconds.